[ AOE2 MATCH · #513796791 ]
UnrankedGoths vs Huns
Player's team · LOSS
Rival team · WIN
[ REPLAY ANALYSIS · EXTRACTED FROM THE RECORDED GAME ]
Feudal
14:49
Castle
30:19
Imperial
—
| APM avg | 53.5 |
| APM peak | 104 |
| eAPM avg | 23.9 |
| Villagers / military | 56 / 59 |
Focus
⚔️ 33.8% · 🌾 66.2%
Skirmisher ×25 · Scout Cavalry ×14 · Militia ×11 · Archer ×8 · Mangonel ×1
Feudal
13:11
Castle
26:24
Imperial
—
| APM avg | 72.4 |
| APM peak | 120 |
| eAPM avg | 21.6 |
| Villagers / military | 89 / 54 |
Focus
⚔️ 26.7% · 🌾 73.3%
Skirmisher ×21 · Archer ×19 · Cavalry Archer ×14
Match map
Initial resources + every placement click. Lines = walls · curves = elevation contours. ◆ gold · ⬟ stone · ● berries · ✦ relic · ◌ wall gap
Your base· Open — 5t gap
不会讲英文's base· Open — unwalled flank
Smoothed initial terrain · ◌ = detected wall gap · hover for details
Inputs per minute
— Istoleyourratings - - 不会讲英文
Build order — Istoleyourratings
First 150 of 212 actions detected
| 0:01 | Queue | Villager (Male) |
| 0:01 | Queue | Villager (Male) |
| 0:02 | Queue | Villager (Male) |
| 0:02 | Queue | Villager (Male) |
| 0:04 | Build | House |
| 0:05 | Build | House |
| 0:20 | Research | Loom |
| 0:22 | Queue | Villager (Male) |
| 0:22 | Queue | Villager (Male) |
| 0:23 | Queue | Villager (Male) |
| 0:23 | Queue | Villager (Male) |
| 1:53 | Build | Palisade Wall |
| 1:56 | Queue | Villager (Male) |
| 2:21 | Queue | Villager (Male) |
| 2:52 | Queue | Villager (Male) |
| 3:29 | Queue | Villager (Male) |
| 3:47 | Build | Barracks |
| 3:51 | Queue | Villager (Male) |
| 4:11 | Build | House |
| 4:23 | Queue | Villager (Male) |
| 4:37 | Queue | Villager (Male) |
| 4:46 | Queue | Militia |
| 4:46 | Queue | Militia |
| 4:47 | Queue | Militia |
| 5:04 | Queue | Villager (Male) |
| 5:31 | Queue | Villager (Male) |
| 5:40 | Build | House |
| 6:05 | Queue | Villager (Male) |
| 6:30 | Queue | Villager (Male) |
| 6:35 | Queue | Militia |
| 6:35 | Queue | Militia |
| 6:42 | Build | Palisade Wall |
| 7:09 | Queue | Villager (Male) |
| 7:25 | Queue | Militia |
| 7:25 | Queue | Villager (Male) |
| 7:31 | Build | Lumber Camp |
| 7:41 | Build | Mill |
| 7:47 | Queue | Villager (Male) |
| 8:16 | Queue | Villager (Male) |
| 8:25 | Build | Mill |
| 8:49 | Build | Mill |
| 8:56 | Queue | Militia |
| 9:11 | Build | House |
| 9:44 | Queue | Villager (Male) |
| 9:49 | Queue | Militia |
| 9:49 | Queue | Militia |
| 10:07 | Build | Farm |
| 10:25 | Queue | Militia |
| 10:28 | Build | Farm |
| 10:42 | Queue | Villager (Male) |
| 10:44 | Build | Farm |
| 10:55 | Build | Farm |
| 11:03 | Queue | Villager (Male) |
| 11:30 | Queue | Villager (Male) |
| 11:40 | Build | Mining Camp |
| 11:46 | Queue | Villager (Male) |
| 12:12 | Build | Farm |
| 12:39 | Research | Feudal Age |
| 12:40 | Research | Feudal Age |
| 12:59 | Queue | Militia |
| 13:04 | Build | House |
| 13:58 | Build | House |
| 14:22 | Queue | Villager (Male) |
| 14:49 | Age | Feudal Age |
| 14:56 | Build | Archery Range |
| 15:02 | Build | Blacksmith |
| 15:11 | Queue | Villager (Male) |
| 15:35 | Research | Double-Bit Axe |
| 15:41 | Research | Fletching |
| 15:41 | Research | Fletching |
| 15:42 | Queue | Archer |
| 15:47 | Queue | Villager (Male) |
| 15:49 | Build | Archery Range |
| 15:56 | Research | Man-at-Arms (upgrade) |
| 15:56 | Research | Man-at-Arms (upgrade) |
| 16:17 | Queue | Skirmisher |
| 16:23 | Research | Padded Archer Armor |
| 16:32 | Queue | Skirmisher |
| 16:58 | Queue | Skirmisher |
| 16:58 | Queue | Archer |
| 16:58 | Queue | Skirmisher |
| 17:00 | Build | House |
| 17:09 | Build | Farm |
| 17:11 | Build | Farm |
| 17:13 | Queue | Villager (Male) |
| 17:21 | Queue | Archer |
| 17:22 | Queue | Archer |
| 17:39 | Queue | Villager (Male) |
| 17:45 | Build | Farm |
| 17:48 | Queue | Archer |
| 18:12 | Queue | Archer |
| 18:12 | Queue | Archer |
| 18:15 | Queue | Villager (Male) |
| 18:16 | Queue | Villager (Male) |
| 18:17 | Build | Farm |
| 18:31 | Research | Horse Collar |
| 18:31 | Research | Horse Collar |
| 18:36 | Queue | Skirmisher |
| 18:36 | Queue | Archer |
| 18:36 | Queue | Skirmisher |
| 18:51 | Queue | Villager (Male) |
| 18:54 | Build | House |
| 19:10 | Build | Lumber Camp |
| 19:12 | Build | House |
| 19:33 | Queue | Skirmisher |
| 19:34 | Queue | Skirmisher |
| 19:57 | Queue | Villager (Male) |
| 20:08 | Build | Stable |
| 20:12 | Research | Scale Barding Armor |
| 20:18 | Queue | Skirmisher |
| 20:55 | Queue | Scout Cavalry |
| 20:55 | Queue | Scout Cavalry |
| 20:56 | Queue | Scout Cavalry |
| 21:04 | Queue | Villager (Male) |
| 21:05 | Build | Farm |
| 21:12 | Queue | Skirmisher |
| 21:14 | Build | Farm |
| 21:15 | Build | Farm |
| 21:28 | Research | Bloodlines |
| 21:29 | Research | Bloodlines |
| 21:29 | Queue | Scout Cavalry |
| 21:32 | Research | Bloodlines |
| 21:36 | Queue | Skirmisher |
| 21:36 | Queue | Skirmisher |
| 21:40 | Build | Farm |
| 21:40 | Build | Farm |
| 21:40 | Build | Farm |
| 21:42 | Build | House |
| 21:48 | Build | Farm |
| 22:10 | Queue | Skirmisher |
| 22:11 | Queue | Skirmisher |
| 22:12 | Queue | Villager (Male) |
| 22:14 | Build | Farm |
| 22:23 | Build | Farm |
| 22:29 | Queue | Skirmisher |
| 22:29 | Queue | Skirmisher |
| 22:41 | Build | Farm |
| 22:42 | Build | Farm |
| 22:47 | Queue | Scout Cavalry |
| 22:51 | Build | House |
| 23:08 | Queue | Villager (Male) |
| 23:09 | Build | Farm |
| 23:17 | Queue | Skirmisher |
| 23:17 | Queue | Skirmisher |
| 23:33 | Queue | Villager (Male) |
| 23:36 | Build | Farm |
| 23:37 | Build | Farm |
| 23:45 | Build | Farm |
| 23:51 | Research | Wheelbarrow |
| 23:52 | Research | Wheelbarrow |
Build order — 不会讲英文
First 150 of 216 actions detected
| 0:01 | Queue | Villager (Male) |
| 0:01 | Queue | Villager (Male) |
| 0:02 | Queue | Villager (Male) |
| 0:02 | Queue | Villager (Male) |
| 1:40 | Queue | Villager (Male) |
| 1:40 | Queue | Villager (Male) |
| 2:02 | Queue | Villager (Male) |
| 2:02 | Queue | Villager (Male) |
| 2:23 | Queue | Villager (Male) |
| 2:24 | Queue | Villager (Male) |
| 2:35 | Build | Lumber Camp |
| 3:02 | Queue | Villager (Male) |
| 3:04 | Queue | Villager (Male) |
| 3:05 | Queue | Villager (Male) |
| 3:05 | Queue | Villager (Male) |
| 3:32 | Queue | Villager (Male) |
| 3:33 | Queue | Villager (Male) |
| 4:01 | Queue | Villager (Male) |
| 4:01 | Queue | Villager (Male) |
| 4:40 | Queue | Villager (Male) |
| 4:40 | Queue | Villager (Male) |
| 5:33 | Queue | Villager (Male) |
| 5:33 | Queue | Villager (Male) |
| 5:33 | Queue | Villager (Male) |
| 5:34 | Queue | Villager (Male) |
| 5:34 | Queue | Villager (Male) |
| 5:47 | Research | Loom |
| 5:47 | Research | Loom |
| 6:32 | Queue | Villager (Male) |
| 6:33 | Queue | Villager (Male) |
| 6:49 | Queue | Villager (Male) |
| 6:49 | Queue | Villager (Male) |
| 6:51 | Queue | Villager (Male) |
| 6:51 | Queue | Villager (Male) |
| 6:54 | Build | Mill |
| 6:59 | Build | Mill |
| 7:05 | Queue | Villager (Male) |
| 7:45 | Build | Farm |
| 7:46 | Build | Farm |
| 7:54 | Build | Farm |
| 8:05 | Queue | Villager (Male) |
| 8:06 | Queue | Villager (Male) |
| 8:06 | Queue | Villager (Male) |
| 8:18 | Build | Farm |
| 8:53 | Queue | Villager (Male) |
| 8:58 | Queue | Villager (Male) |
| 9:03 | Build | Farm |
| 9:43 | Build | Barracks |
| 9:47 | Build | Barracks |
| 10:13 | Queue | Villager (Male) |
| 11:01 | Research | Feudal Age |
| 11:31 | Build | Mining Camp |
| 11:50 | Queue | Villager (Male) |
| 11:50 | Queue | Villager (Male) |
| 12:23 | Build | Farm |
| 12:38 | Build | Farm |
| 12:42 | Build | Farm |
| 13:11 | Age | Feudal Age |
| 13:15 | Build | Archery Range |
| 13:25 | Research | Double-Bit Axe |
| 13:35 | Queue | Villager (Male) |
| 13:40 | Build | Archery Range |
| 14:04 | Queue | Archer |
| 14:12 | Queue | Villager (Male) |
| 14:21 | Build | Blacksmith |
| 14:24 | Queue | Archer |
| 14:34 | Queue | Archer |
| 14:54 | Research | Town Watch |
| 14:54 | Research | Town Watch |
| 14:56 | Queue | Archer |
| 15:03 | Queue | Archer |
| 15:08 | Research | Gold Mining |
| 15:09 | Research | Gold Mining |
| 15:15 | Queue | Archer |
| 15:22 | Research | Fletching |
| 15:22 | Research | Fletching |
| 15:26 | Queue | Villager (Male) |
| 15:44 | Queue | Archer |
| 15:48 | Queue | Villager (Male) |
| 16:04 | Queue | Villager (Male) |
| 16:27 | Queue | Villager (Male) |
| 16:36 | Queue | Villager (Male) |
| 16:39 | Build | Archery Range |
| 17:09 | Queue | Archer |
| 17:11 | Queue | Archer |
| 17:12 | Queue | Skirmisher |
| 17:13 | Queue | Skirmisher |
| 17:15 | Queue | Villager (Male) |
| 17:39 | Queue | Archer |
| 17:40 | Queue | Skirmisher |
| 17:46 | Queue | Skirmisher |
| 17:47 | Queue | Skirmisher |
| 17:50 | Queue | Villager (Male) |
| 17:51 | Queue | Villager (Male) |
| 18:21 | Queue | Skirmisher |
| 18:22 | Queue | Skirmisher |
| 18:30 | Research | Padded Archer Armor |
| 18:30 | Research | Padded Archer Armor |
| 18:33 | Build | Farm |
| 18:34 | Build | Farm |
| 18:44 | Queue | Skirmisher |
| 18:52 | Queue | Skirmisher |
| 18:54 | Queue | Archer |
| 18:57 | Queue | Villager (Male) |
| 18:58 | Queue | Villager (Male) |
| 19:20 | Build | Lumber Camp |
| 19:29 | Queue | Archer |
| 19:30 | Queue | Archer |
| 19:34 | Queue | Villager (Male) |
| 19:34 | Queue | Villager (Male) |
| 19:34 | Queue | Villager (Male) |
| 19:34 | Queue | Villager (Male) |
| 19:52 | Queue | Skirmisher |
| 19:53 | Queue | Skirmisher |
| 20:26 | Queue | Skirmisher |
| 20:27 | Queue | Skirmisher |
| 20:30 | Build | Market |
| 20:59 | Queue | Skirmisher |
| 20:59 | Queue | Skirmisher |
| 21:00 | Queue | Skirmisher |
| 21:02 | Queue | Villager (Male) |
| 21:07 | Build | Lumber Camp |
| 21:28 | Queue | Archer |
| 21:29 | Queue | Archer |
| 21:29 | Queue | Archer |
| 21:39 | Queue | Villager (Male) |
| 21:40 | Queue | Villager (Male) |
| 21:40 | Queue | Villager (Male) |
| 21:40 | Queue | Villager (Male) |
| 21:48 | Build | Farm |
| 22:09 | Build | Farm |
| 22:22 | Research | Wheelbarrow |
| 22:34 | Build | Lumber Camp |
| 22:42 | Build | Farm |
| 23:13 | Build | Farm |
| 23:39 | Build | Farm |
| 23:43 | Research | Castle Age |
| 23:43 | Research | Castle Age |
| 24:00 | Build | Stable |
| 24:17 | Queue | Archer |
| 24:18 | Queue | Archer |
| 24:45 | Research | Horse Collar |
| 24:54 | Queue | Archer |
| 25:26 | Queue | Skirmisher |
| 25:26 | Queue | Skirmisher |
| 25:27 | Queue | Skirmisher |
| 25:30 | Queue | Skirmisher |
| 25:30 | Queue | Skirmisher |
| 26:10 | Research | Bloodlines |
| 26:24 | Age | Castle Age |
Match timeline
| 1:53 | Istoleyourratings · wall_segment Palisade Wall x2 |
| 3:47 | Istoleyourratings · first_building Barracks |
| 6:42 | Istoleyourratings · wall_segment Palisade Wall x1 |
| 9:43 | 不会讲英文 · first_building Barracks |
| 13:11 | 不会讲英文 · age_up feudal |
| 13:15 | 不会讲英文 · first_building Archery Range |
| 14:49 | Istoleyourratings · age_up feudal |
| 14:56 | Istoleyourratings · first_building Archery Range |
| 20:08 | Istoleyourratings · first_building Stable |
| 21:36 | 不会讲英文 · first_market_buy 100 food |
| 24:00 | 不会讲英文 · first_building Stable |
| 26:24 | 不会讲英文 · age_up castle |
| 26:45 | 不会讲英文 · first_market_sell 100 wood |
| 27:19 | Istoleyourratings · wall_segment Palisade Wall x3 |
| 27:21 | Istoleyourratings · wall_segment Palisade Wall x6 |
| 30:19 | Istoleyourratings · age_up castle |
| 30:42 | Istoleyourratings · first_building Siege Workshop |
| 31:09 | Istoleyourratings · first_market_sell 100 food |
| 33:27 | Istoleyourratings · resign |
[ AI ANALYSIS · 1 CREDIT ]
What really happened in this match?
Wolo.gg analyzes every decision: build order, eco, micro, common mistakes by bracket. Personalized analysis on WhatsApp or Discord in 30 seconds.
Civ guide
Goths
Perfil
Jugador #18203263